 Dungeon Crawl Stone Soup version 0.31.0-11-ge490571c62 (webtiles) character file.

Game seed: 15895022743782032236

497 Ekaitz the Sneak (level 7, -1/42 (45) HPs)
             Began as an Octopode Alchemist on Feb 2, 2024.
             Slain by an ufetubus (2 damage)
             ... on level 5 of the Dungeon.
             The game lasted 00:06:39 (3150 turns).

Ekaitz the Sneak (Octopode Alchemist)               Turns: 3150, Time: 00:06:39

HP:   -1/42 (45)    AC:  1    Str:  7    XL:     7   Next: 15%
MP:   4/11          EV: 14    Int: 23    God:
Gold: 173           SH:  0    Dex: 15    Spells: 1/11 levels left

rFire   . . .        l - +2 dagger (elec)
rCold   . . .        (no shield)
rNeg    . . .        (helmet restricted)
rPois   .            (no amulet)
rElec   .            t - +6 ring of intelligence
rCorr   .            (no ring)
SInv    .            (no ring)
Will    .....        (no ring)
Stlth   ++++         (no ring)
HPRegen 0.27/turn    (no ring)
MPRegen 0.12/turn    (no ring)
                     (no ring)

%: no passive effects
@: drained
A: almost no armour, amphibious, 8 rings, camouflage 1, gelatinous body 1,
(nimble swimmer 1), tentacles
a: no special abilities


You were on level 5 of the Dungeon.
You visited 1 branch of the dungeon, and saw 5 of its levels.

You collected 173 gold pieces.

Inventory:

Hand Weapons
 b - a +1 short sword of draining
 k - the +3 whip "Picimn" {freeze, *Corrode *Slow rF+++ rN++}
   (You found it on level 2 of the Dungeon)

   rF+++:     It renders you almost immune to fire.
   rN++:      It greatly protects you from negative energy.
   *Corrode:  It may corrode you when you take damage.
   *Slow:     It may slow you when you take damage.
 l - a +2 dagger of electrocution (weapon)
 p - a +1 antimagic dagger
Missiles
 j - 15 poisoned darts
Magical Staves
 u - a staff of death
Jewellery
 t - a +6 ring of intelligence (left tentacle)
Talismans
 q - a maw talisman
Wands
 m - a wand of charming (12)
Scrolls
 c - 4 scrolls of blinking {unknown}
 d - a scroll of torment {unknown}
 e - a scroll of poison {unknown}
 f - 2 scrolls of identify {unknown}
 i - a scroll of revelation {unknown}
 o - 3 scrolls of noise {unknown}
 w - a scroll of amnesia {unknown}
Potions
 a - a potion of magic
 g - a potion of heal wounds {unknown}
 h - 2 potions of curing {unknown}
 n - a potion of lignification {unknown}
 r - a potion of haste {unknown}
 s - a potion of enlightenment {unknown}
 v - a potion of brilliance {unknown}


   Skills:
 * Level 2.0 Fighting
 + Level 1.3 Short Blades
 * Level 3.1 Dodging
 + Level 5.5 Stealth
 + Level 0.1 Unarmed Combat
 + Level 2.7 Spellcasting
 * Level 2.4 Conjurations
 * Level 2.1 Air Magic
 * Level 4.7 Alchemy


You had one spell level left.
You knew the following spells:

 Your Spells              Type           Power      Damage    Failure   Level
a - Sting                 Conj/Alch      76%        1d7       2%          1
b - Mercury Vapours       Alch/Air       36%        N/A       4%          2
c - Mephitic Cloud        Conj/Alch/Air  17%        N/A       10%         3
d - Olgreb's Toxic Radia  Alch           24%        N/A       17%         4

Your spell library contained the following spells:

 Spells                   Type           Power      Damage    Failure   Level
 Sticky Flame             Fire/Alch      14%        2d5       41%         4


Dungeon Overview and Level Annotations

Branches:
Dungeon (5/15)
 Temple: D:4-7

Altars:
Gozag
Ru


Innate Abilities, Weirdness & Mutations

You cannot wear most types of armour.
You are amphibious.
You can wear up to eight rings at the same time.
Your skin changes colour to match your surroundings (Stealth+).
Your rubbery body absorbs attacks. (AC +1, EV +1)
((You are camouflaged when in or above water. (Stealth+)))
You have tentacles for arms and can constrict up to eight enemies at once.


Message History

The centaur misses you. The centaur closely misses you. The ufetubus hits you.
The ufetubus barely misses you. The ufetubus hits you.
* * * LOW HITPOINT WARNING * * *
The ufetubus completely misses you.
Casting: Mercury Vapours (safe; 4% risk of failure)
Confirm with . or Enter, or press ? or * to list all spells.
Aiming: Mercury Vapours (safe; 4% risk of failure)
Press: ? - help, Dir - move target, f - centaur, p - ufetubus
Aim: a centaur (heavily wounded, very poisoned, weak, chance to weaken: 96%) Fumes of mercury billow around the centaur!
The centaur looks even sicker.
The centaur looks even weaker.
The ufetubus looks even weaker. x2; The centaur hits you.
* * * LOW HITPOINT WARNING * * *
The centaur kicks you.
* * * LOW HITPOINT WARNING * * *
The ufetubus closely misses you. The ufetubus hits you.
* * * LOW HITPOINT WARNING * * *
The ufetubus barely misses you. The ufetubus closely misses you.
The centaur hits you.
* * * LOW HITPOINT WARNING * * *
The centaur kicks you.
* * * LOW HITPOINT WARNING * * *
Unknown command.
Casting: Mercury Vapours (safe; 4% risk of failure)
Confirm with . or Enter, or press ? or * to list all spells.
Aiming: Sting (safe; 2% risk of failure)
Press: ? - help, Shift-Dir - straight line, f/p - centaur
Aim: a centaur (heavily wounded, very poisoned, weak, 84% to hit)
The sting hits the centaur.
The centaur looks as sick as possible!
The centaur is heavily wounded.
The ufetubus completely misses you. The ufetubus closely misses you.
The ufetubus misses you. The ufetubus closely misses you.
The centaur hits you but does no damage.
The centaur barely misses you. The ufetubus slips past you!
The ufetubus hits you.
* * * LOW HITPOINT WARNING * * *
The ufetubus hits you.
* * * LOW HITPOINT WARNING * * *
The ufetubus hits you.
You die...

##.### ......#
#$....#
#.....#
#.....#
#.....#
####.....#
#..@c....#
#.5.5....#
#....#.#.#
#######....#.#
!?...........#
######....###
#....# #..<.#
######


You could see a centaur (extremely poisoned, weak) and 2 ufetubi.

Vanquished Creatures
  2 scorpions (D:4)
  A bombardier beetle (D:4)
  A hound (D:3)
  Jessica (D:2)
  Natasha (thrice) (D:2)
  2 iguanas (D:4)
  Terence (D:2)
  A gnoll (D:1)
  4 adders
  A ribbon worm (D:2)
  4 dart slugs
  6 orcs
  5 endoplasms
  6 giant cockroaches
  6 goblins
  10 hobgoblins
  2 quokkas
  5 ball pythons
  16 bats
  2 frilled lizards (D:1)
  4 kobolds
  4 rats
87 creatures vanquished.

Notes
Turn   | Place    | Note
-------+----------+-------------------------------------------
     0 | D:1      | Ekaitz the Octopode Alchemist began the quest for the Orb.
     0 | D:1      | Reached XP level 1. HP: 11/11 MP: 3/3
    20 | D:1      | Reached XP level 2. HP: 9/17 MP: 0/5
    23 | D:1      | Learned a level 2 spell: Mercury Vapours
   484 | D:1      | Reached skill level 3 in Stealth
   484 | D:1      | Reached XP level 3. HP: 22/22 MP: 6/6
   488 | D:1      | Learned a level 3 spell: Mephitic Cloud
   778 | D:2      | Noticed Natasha
   793 | D:2      | Killed Natasha
   794 | D:2      | Reached XP level 4. HP: 23/27 MP: 3/7
   846 | D:2      | Noticed Terence
   857 | D:2      | Killed Terence
   958 | D:2      | Reached skill level 4 in Stealth
  1083 | D:2      | Noticed Natasha
  1093 | D:2      | Killed Natasha
  1094 | D:2      | Reached skill level 1 in Fighting
  1094 | D:2      | Reached XP level 5. HP: 22/33 MP: 4/8
  1161 | D:2      | Noticed Natasha
  1168 | D:2      | Killed Natasha
  1169 | D:2      | Reached skill level 1 in Air Magic
  1237 | D:2      | Identified the +3 whip "Picimn" {freeze, *Corrode *Slow
                  | rF+++ rN++}
  1300 | D:2      | Noticed Jessica
  1307 | D:2      | Killed Jessica
  1344 | D:2      | Found a faded altar of an unknown god.
  1967 | D:3      | Reached skill level 1 in Short Blades
  1967 | D:3      | Reached XP level 6. HP: 38/38 MP: 9/9
  1973 | D:3      | Learned a level 4 spell: Olgreb's Toxic Radiance
  2222 | D:3      | Found an opulent altar of Gozag.
  2571 | D:4      | Reached skill level 5 in Stealth
  2642 | D:4      | Reached XP level 7. HP: 44/44 MP: 6/11
  3041 | D:4      | Found a sacrificial altar of Ru.
  3134 | D:5      | Entered Level 5 of the Dungeon
  3150 | D:5      | HP: 2/42 [ufetubus (2)]
  3150 | D:5      | Slain by an ufetubus

Illustrated notes

Levels and vault maps discovered:
D:1:      dreamdust_arrival_beginning_and_end, layout_loops_cross,
          minmay_pentomino_t2
D:2:      layout_basic, ebering_ecumenical_altar_rust, nrook_loot_triangle,
          uniq_jessica, uniq_natasha, uniq_terence
D:3:      layout_loops_ring, mainiacjoe_overflow_boulevard,
          minmay_goblin_outpost
D:4:      layout_cave_pools, nicolae_ru_path_of_blood, serial_column_ruins,
          column_ruins_hut_pillars, column_ruins_hut, column_ruins_open_small,
          column_ruins_grid_4, column_ruins_grid_1, amethyst_killhole,
          roderic_batcave
D:5:      layout_basic, serial_bayou_pond_b

Skill      XL: |  1  2  3  4  5  6  7 |
---------------+----------------------+-----
Stealth        | 3 4 5 |  5.5
Alchemy        | 4 |  4.7
Fighting       | 1 2 |  2.0
Air Magic      | 1 2 |  2.1
Short Blades   | 1 |  1.3
Conjurations   | 2 |  2.4
Dodging        | 3 |  3.1
Unarmed Combat | |  0.1
Spellcasting   | |  2.7

Action                     |  1- 3 |  4- 6 |  7- 9 || total
---------------------------+-------+-------+-------++-------
  Melee: Unarmed           |     6 |       |       ||     6
         Constrict         |     5 |    17 |     4 ||    26
         Short sword       |    25 |    23 |       ||    48
         Tentacles         |     4 |    12 |     4 ||    20
         Dagger            |       |    52 |    15 ||    67
         Punch             |       |       |     2 ||     2
   Cast: Sting             |     6 |    19 |    10 ||    35
         Mercury Vapours   |     2 |    12 |     4 ||    18
   Stab: Sleeping          |    16 |    18 |     2 ||    36
 Armour: Skin              |     6 |    41 |    21 ||    68
  Dodge: Dodged            |    15 |    41 |    29 ||    85
